 Dungeon Crawl Stone Soup version 0.30-a0-509-gd016549fea (webtiles) character file.

Game seed: 16963625283159235602

38558 GenialerGandalf the Severer (level 14, 0/129 HPs)
             Began as a Hill Orc Fighter on Dec 21, 2022.
             Was a Priest of Beogh.
             Slain by a death yak (9 damage)
             ... on level 3 of the Lair of Beasts on Dec 22, 2022.
             The game lasted 01:38:45 (21004 turns).

GenialerGandalf the Severer (Hill Orc Fighter)     Turns: 21004, Time: 01:38:45

Health: 0/129      AC: 27    Str: 33    XL:     14   Next: 2%
Magic:  18/18      EV:  9    Int:  8    God:    Beogh [***...]
Gold:   1038       SH:  0    Dex: 16    Spells: 13/13 levels left

rFire   . . .      SeeInvis .    Z - +5 hand axe (flame)
rCold   . . .      Faith    .    (no shield)
rNeg    . . .      Spirit   .    v - +5 chain mail "Paoguti" {rElec Str+3 Stlth+}
rPois   .          Reflect  .    j - +0 helmet
rElec   +          Harm     .    x - +1 cloak of Moopsucu {Fly}
rCorr   .          Rampage  .    s - +2 pair of gloves
Will    +....                    n - +0 pair of boots
Stlth   ..........               (no amulet)
HPRegen 0.41/turn                p - +6 ring of dexterity
MPRegen 0.16/turn                r - +6 ring of strength

@: flying
A: no striking features
a: Renounce Religion, Smiting


You were on level 3 of the Lair of Beasts.
You worshipped Beogh.
Beogh was most pleased with you.
You visited 3 branches of the dungeon, and saw 18 of its levels.
You also visited: Bailey.

You collected 1038 gold pieces.

Inventory:

Hand Weapons
 b - the +7 quarterstaff of Ucseomiyn {antimagic, +Blink Str+2}
   (You found it on level 1 of the Lair of Beasts)

   It reduces the magical energy of the wielder, and disrupts the spells and
   magical abilities of those it strikes.
   Natural abilities and divine invocations are not affected.
   Str:       It affects your strength (+2).
   +Blink:    It lets you blink.
 l - the +4 mace "Fepreps" {freeze, rElec Int+2}
   (You found it on level 12 of the Dungeon)

   It freezes those it strikes, dealing additional cold damage.
   It can also slow down cold-blooded creatures.
   Int:       It affects your intelligence (+2).
   rElec:     It insulates you from electricity.
 N - a +2 halberd of electrocution
 R - a +2 battleaxe of venom
 T - a +6 double sword
 Z - a +5 hand axe of flaming (weapon)
Missiles
 U - 3 throwing nets (quivered)
Armour
 c - a +0 buckler
 d - the +4 ring mail "Pyciqig" {+Inv Will+ MP+9 Int-5}
   (You found it on level 2 of the Lair of Beasts)

   Int:       It affects your intelligence (-5).
   MP:        It affects your magic capacity (+9).
   +Inv:      It lets you turn invisible.
   Will:      It increases your willpower.
 g - a +2 helmet
 j - a +0 helmet (worn)
 n - a +0 pair of boots (worn)
 s - a +2 pair of gloves (worn)
 v - the +5 chain mail "Paoguti" (worn) {rElec Str+3 Stlth+}
   (You found it on level 6 of the Dungeon)

   Str:       It affects your strength (+3).
   rElec:     It insulates you from electricity.
   Stlth:     It makes you more stealthy.
 x - the +1 cloak of Moopsucu (worn) {Fly}
   (You found it on level 8 of the Dungeon)

   Fly:       It grants you flight.
 V - +0 acid dragon scales
Jewellery
 p - a +6 ring of dexterity (left hand)
 r - a +6 ring of strength (right hand)
 D - a ring of resist corrosion
 S - a ring of protection from cold
Wands
 m - a wand of flame (33)
 u - a wand of mindburst (32)
 A - a wand of quicksilver (12)
 K - a wand of iceblast (7)
 X - a wand of paralysis (8)
Scrolls
 e - 2 scrolls of teleportation
 h - a scroll of silence
 k - a scroll of fear
 o - 2 scrolls of vulnerability
 w - 2 scrolls of fog
 y - a scroll of enchant armour
 C - 4 scrolls of summoning
 G - 2 scrolls of noise
 L - 2 scrolls of identify
 P - a scroll of acquirement
 Y - a scroll of immolation
Potions
 f - 2 potions of mutation
 i - 6 potions of attraction
 q - 5 potions of flight
 z - 4 potions of curing
 B - a potion of heal wounds
 E - 2 potions of brilliance
 H - 4 potions of invisibility
 I - 4 potions of haste
 J - 2 potions of lignification
 M - 6 potions of resistance
 O - 2 potions of might
 Q - 2 potions of magic
 W - 2 potions of ambrosia
Miscellaneous
 F - a piece from Xom's chessboard (15/15)


   Skills:
 * Level 13.5 Fighting
 * Level 18.3 Axes
 * Level 14.0 Armour
 * Level 9.8 Shields
 * Level 6.3 Invocations


You had 13 spell levels left.
You didn't know any spells.
Your spell library contained the following spells:

 Spells                   Type           Power      Damage    Failure   Level
 Ensorcelled Hibernation  Hex/Ice        0%         N/A       89%         2
 Gell's Gravitas          Tloc           0%         N/A       98%         3
 Lesser Beckoning         Tloc           0%         N/A       98%         3
 Spider Form              Tmut/Pois      0%         N/A       98%         3
 Teleport Other           Tloc           0%         N/A       98%         3
 Tukima's Dance           Hex            0%         N/A       98%         3
 Anguish                  Hex/Necr       0%         N/A       100%        4
 Animate Armour           Summ/Erth      0%         N/A       100%        4
 Passage of Golubria      Tloc           0%         N/A       100%        4
 Blade Hands              Tmut           0%         N/A       100%        5
 Yara's Violent Unravell  Hex/Tmut       0%         3d3       100%        5
 Iron Shot                Conj/Erth      0%         9d1       100%        6


Dungeon Overview and Level Annotations

Branches:
Dungeon (13/15)            Temple (1/1) D:4            Lair (4/5) D:8
 Shoals (0/4) Lair:2       Spider (0/4) Lair:3        Slime (0/5) Lair:4
    Orc (0/2) D:10         Bailey (visited)
 Vaults: D:13-14

Altars:
Ashenzari
Cheibriados
Dithmenos
Elyvilon
Fedhas
Gozag
Hepliaklqana
Kikubaaqudgha
Makhleb
Nemelex Xobeh
Okawaru
Qazlal
Ru
Sif Muna
Trog
Uskayaw
Vehumet
Wu Jian
Xom
Yredelemnul
Zin
The Shining One
Jiyva
Lugonu

Annotations:
D:9 3 runed translucent doors, semem's ghost, novice NaTm
D:13 Rupert
Lair:2 2 transporters, Echos's ghost, journeyman FoFi
Lair:4 exclusion: 2 oklob plants


Message History

The death yak is lightly wounded.
You hit the death yak. You burn the death yak. The death yak gores you.
The death yak gores you but does no damage.
You hit the death yak. You burn the death yak.
The death yak is lightly wounded.
You hit the death yak. You burn the death yak. You hit the death yak.
You burn the death yak.
The death yak is moderately wounded.
You hit the death yak. You burn the death yak. The death yak gores you! x2
You barely miss the death yak.
The death yak is lightly wounded.
You barely miss the death yak. You completely miss the death yak.
The death yak is lightly wounded.
You hit the death yak. You burn the death yak.
The death yak gores you but does no damage. x2
You slash the death yak! You burn the death yak.
The death yak is moderately wounded.
You hit the death yak. You burn the death yak. The death yak gores you!
The death yak gores you but does no damage.
You slash the death yak! You burn the death yak. You punch the death yak.
The death yak is heavily wounded.
You hit the death yak but do no damage. You hit the death yak but do no damage.
The death yak is heavily wounded.
You barely miss the death yak. The death yak gores you! x2
* * * LOW HITPOINT WARNING * * *
You hit the death yak. You burn the death yak.
The death yak is heavily wounded.
You slash the death yak! You burn the death yak!
You hit the death yak but do no damage.
The death yak is heavily wounded.
You hit the death yak. You burn the death yak. The death yak gores you!
* * * LOW HITPOINT WARNING * * *
The death yak gores you!
* * * LOW HITPOINT WARNING * * *
You feel better. The death yak gores you!
* * * LOW HITPOINT WARNING * * *
The death yak gores you!
You die...

##.#.......P##.###.###P#P#.######
..#..............................
.###.^...........####...#........
^###............P# ####.........
##^#............## #.........
#^^^............### ###........
^^^...^.#.........#####...P#..P#.
^>^......#......##.#...##.###.###
^^^^............@Y........# ###
.#^^^...#....###Y..P##P...#
..###....#.####....P###...#
...###..##.# ##...## #...##
.........#.## #P...P###....#
..##..####..# #....##......#####
......# #.## ##..........###..##
...#### ##.# #.................
.>P# ####P.# ###.................


You could see 2 death yaks.

Vanquished Creatures
  Harold (D:10)
  Erolcha (D:10)
  3 hydras
  2 two-headed ogres (D:12)
  4 boulder beetles
  3 death yaks (Lair:4)
  Urug (D:10)
  A deep elf pyromancer (D:11)
  3 ugly things
  A cyclops (D:12)
  A manticore (D:7)
  2 merfolk sirens (Lair:2)
  6 black mambas
  Maurice (D:8)
  A torpor snail (Lair:3)
  6 cane toads
  A gargoyle (D:12)
  An unseen horror (D:12)
  Psyche (D:8)
  2 rime drakes (Lair:4)
  6 komodo dragons
  A troll (D:11)
  Prince Ribbit (D:8)
  3 polar bears
  8 dream sheep
  A spriggan (shapeshifter) (D:13)
  2 shadows
  2 vampires
  2 wraiths
  6 humans (D:8)
  6 wyverns
  53 yaks
  4 basilisks
  A redback (Lair:3)
  4 vampire mosquitoes
  Edmund (D:5)
  An acid dragon (D:10)
  10 water moccasins
  5 orc warriors
  A swamp drake (D:10)
  2 ice beasts
  5 black bears
  2 sky beasts (D:7)
  An ogre (D:5)
  4 wolves (Lair:4)
  A centaur (D:10)
  A kobold brigand (D:8)
  9 bullfrogs
  2 gnoll sergeants
  A necrophage (D:5)
  3 scorpions
  9 wights
  An electric eel (Lair:2)
  8 howler monkeys
  A jelly (D:6)
  A gnoll bouda (D:7)
  3 hounds
  2 iguanas
  4 orc wizards
  12 hell rats (Lair:3)
  23 gnolls
  6 adders
  A howler monkey simulacrum (D:9)
  2 white imps
  2 ufetubi
  A dart slug (D:1)
  41 orcs
  8 ball pythons
  5 endoplasms
  3 giant cockroaches
  4 goblins
  6 hobgoblins
  3 jackals (D:8)
  3 quokkas
  5 bats
  6 frilled lizards
  11 kobolds
  A rat (D:3)
  31 bushes (D:10)
  A butterfly (D:7)
395 creatures vanquished.

Vanquished Creatures (others)
  An orc warrior (D:10)
  An orc (D:10)
  A bush (Lair:1)
  2 demonic plants (Temple)
  12 fungi
  49 plants
66 creatures vanquished.

Grand Total: 461 creatures vanquished

Notes
Turn   | Place    | Note
-------+----------+-------------------------------------------
     0 | D:1      | GenialerGandalf the Hill Orc Fighter began the quest for
                  | the Orb.
     0 | D:1      | Reached XP level 1. HP: 19/19 MP: 1/1
   519 | D:1      | Reached skill level 3 in Axes
   533 | D:1      | Reached XP level 2. HP: 27/27 MP: 2/2
   695 | D:1      | Reached XP level 3. HP: 27/33 MP: 3/3
  1071 | D:2      | You fall into a shaft and drop 1 floor!
  1662 | D:2      | Found a faded altar of an unknown god.
  1867 | D:3      | Reached skill level 4 in Axes
  1867 | D:3      | Reached XP level 4. HP: 37/40 MP: 4/4
  1904 | D:3      | Found a glowing silver altar of Zin.
  2336 | D:3      | Found a shimmering blue altar of Sif Muna.
  2684 | D:4      | Found a staircase to the Ecumenical Temple.
  2714 | Temple   | Entered the Ecumenical Temple
  2825 | D:4      | Reached XP level 5. HP: 12/46 MP: 5/5
  3213 | D:4      | Found a sacrificial altar of Ru.
  3982 | D:5      | Entered Level 5 of the Dungeon
  3993 | D:5      | Noticed an ice beast
  4007 | D:5      | Killed an ice beast
  4008 | D:5      | Reached skill level 5 in Axes
  4008 | D:5      | Reached skill level 5 in Armour
  4008 | D:5      | Reached XP level 6. HP: 19/53 MP: 6/6
  4237 | D:4      | Found an ornate altar of the Wu Jian Council.
  4255 | D:5      | Noticed a black bear
  4258 | D:5      | Noticed a black bear
  4263 | D:5      | Killed a black bear
  4264 | D:5      | Reached skill level 6 in Axes
  4269 | D:5      | Killed a black bear
  4270 | D:5      | Reached XP level 7. HP: 26/60 MP: 7/7
  4540 | D:5      | Reached skill level 5 in Fighting
  4540 | D:5      | Reached skill level 7 in Axes
  5068 | D:5      | Noticed Edmund
  5080 | D:5      | Killed Edmund
  5081 | D:5      | Reached skill level 8 in Axes
  5081 | D:5      | Reached XP level 8. HP: 56/68 MP: 8/8
  5238 | D:6      | Identified the +5 chain mail "Paoguti" {rElec Str+3 Stlth+}
  5431 | D:6      | Reached skill level 9 in Axes
  5441 | D:6      | Reached skill level 5 in Shields
  5463 | D:6      | Found a burning altar of Makhleb.
  5476 | D:6      | Reached skill level 10 in Axes
  5648 | D:6      | Reached XP level 9. HP: 74/75 MP: 9/9
  5745 | D:6      | Found a broken altar of Ashenzari.
  6430 | D:7      | Found a blossoming altar of Fedhas.
  6450 | D:7      | Found a shimmering altar of Xom.
  6640 | D:7      | Noticed a manticore
  6645 | D:7      | Reached skill level 11 in Axes
  6647 | D:7      | Noticed a boulder beetle
  6785 | D:8      | Found a staircase to the Lair.
  6821 | D:8      | Noticed Psyche
  6853 | D:8      | Killed Psyche
  6854 | D:8      | Reached skill level 12 in Axes
  6881 | D:8      | Reached XP level 10. HP: 57/86 MP: 10/10
  6922 | D:8      | Reached skill level 13 in Axes
  7182 | D:8      | Noticed Prince Ribbit
  7208 | D:8      | Killed Prince Ribbit
  7230 | D:8      | Found an iron altar of Okawaru.
  7371 | D:8      | Found a stormy altar of Qazlal.
  7571 | D:8      | Identified the +1 cloak of Moopsucu {Fly}
  7719 | D:8      | Noticed Maurice
  7733 | D:8      | Killed Maurice
  7918 | D:7      | Killed a boulder beetle
  7919 | D:7      | Reached skill level 14 in Axes
  8139 | D:7      | Killed a manticore
  8225 | D:9      | Found a runed translucent gate.
  8227 | D:9      | Found a runed translucent gate.
  8228 | D:9      | Found a runed translucent gate.
  8230 | D:9      | Noticed semem's ghost (novice NaTm)
  8248 | D:9      | Found a flagged portal.
  8314 | Bailey   | Entered a bailey
  8521 | Bailey   | Reached skill level 10 in Armour
  8529 | Bailey   | Reached XP level 11. HP: 81/84 MP: 11/11
  9412 | D:9      | Found a hide-covered altar of Uskayaw.
  9521 | D:9      | Found a glowing golden altar of the Shining One.
  9648 | D:9      | Noticed a boulder beetle
  9673 | D:9      | Killed a boulder beetle
  9674 | D:9      | Reached skill level 15 in Axes
  9868 | D:9      | Noticed a boulder beetle
  9898 | D:9      | Killed a boulder beetle
 10400 | D:10     | Entered Level 10 of the Dungeon
 10580 | D:10     | Noticed Urug
 10588 | D:10     | Killed Urug
 10825 | D:10     | Found a bloodstained altar of Trog.
 10982 | D:10     | Found a basalt altar of Yredelemnul.
 11041 | D:10     | Noticed Harold
 11085 | D:10     | Killed Harold
 11086 | D:10     | Reached skill level 16 in Axes
 11097 | D:10     | Noticed a cyan ugly thing
 11115 | D:10     | Killed a cyan ugly thing
 11131 | D:10     | Reached skill level 10 in Fighting
 11330 | D:10     | Found an ancient bone altar of Kikubaaqudgha.
 11391 | D:10     | Found a white marble altar of Elyvilon.
 11920 | D:10     | Became a worshipper of Beogh the Brigand
 11943 | D:10     | Found a staircase to the Orcish Mines.
 12243 | D:10     | Noticed Erolcha
 12244 | D:10     | Upgraded the game from 0.30-a0-476-g330ca2eb8e to
                  | 0.30-a0-509-gd016549fea
 12257 | D:10     | Killed Erolcha
 12258 | D:10     | Reached skill level 1 in Invocations
 12258 | D:10     | Reached XP level 12. HP: 106/106 MP: 12/12
 13622 | D:12     | Reached * piety under Beogh
 13669 | D:12     | Noticed a two-headed ogre
 13719 | D:12     | Identified the +4 mace "Fepreps" {freeze, rElec Int+2}
 14255 | D:13     | Noticed Rupert
 14272 | D:12     | Killed a two-headed ogre
 14449 | D:12     | Found a hide-covered altar of Uskayaw.
 14457 | D:12     | Noticed a two-headed ogre
 14477 | D:12     | Killed a two-headed ogre
 15312 | Lair:1   | Entered Level 1 of the Lair of Beasts
 15332 | Lair:1   | Reached skill level 17 in Axes
 15700 | Lair:1   | Identified the +7 quarterstaff of Ucseomiyn {antimagic,
                  | +Blink Str+2}
 16631 | Lair:1   | Reached XP level 13. HP: 106/117 MP: 16/16
 17191 | Lair:2   | Identified the +4 ring mail "Pyciqig" {+Inv Will+ MP+9
                  | Int-5}
 17201 | Lair:2   | Identified the +3 robe of the Known World {rCorr Dex+2
                  | Slay-3}
 17348 | Lair:2   | Noticed Echos's ghost (journeyman FoFi)
 17659 | Lair:2   | Reached ** piety under Beogh
 17991 | Lair:2   | Found a transporter.
 18006 | Lair:2   | Found a bloodstained altar of Trog.
 18012 | Lair:2   | Found a transporter.
 18175 | Lair:2   | Reached skill level 5 in Invocations
 18375 | Lair:2   | Found a staircase to the Shoals.
 19213 | Lair:3   | Found a hole to the Spider Nest.
 20111 | Lair:4   | Reached skill level 18 in Axes
 20117 | Lair:4   | Reached *** piety under Beogh
 20267 | Lair:4   | Found a staircase to the Slime Pits.
 20267 | Lair:4   | Found a viscous altar of Jiyva.
 20295 | Lair:4   | Found a gate leading to a gauntlet.
 20587 | Lair:4   | Reached XP level 14. HP: 128/129 MP: 18/18
 20686 | Lair:4   | HP: 4/129 [death yak (16)]
 21004 | Lair:3   | Slain by a death yak

Illustrated notes

Levels and vault maps discovered:
D:1:      nicolae_arrival_memento_mori, layout_rooms, st_stairs_9
D:2:      layout_loops_ring, shapermc_ecumenical_altar_petra
D:3:      layout_basic, kennysheep_orc_sif_temple, mainiacjoe_overflow_brackets
D:4:      layout_basic, nicolae_overflow_hidden_temple,
          mainiacjoe_overflow_small_starburst, minmay_temple_entry_sparse_star,
          amcnicky_mini_rare_corridor_liquid
D:5:      layout_loops_cross, uniq_edmund
D:6:      layout_loops_ring, ashenzari_altar_1,
          mainiacjoe_overflow_concentric_impassable
D:7:      minmay_cornered_nines, layout_loops_cross, xom_butterflies,
          fedhas_altar_2
D:8:      erik_cavepeople, layout_loops_ring, okawaru_gym_becter,
          mainiacjoe_overflow_alcove_2, uniq_maurice, uniq_prince_ribbit1
D:9:      layout_rooms, tso_oasis_becter, lemuel_coloured_pillars_altar,
          enter_bailey_2, gammafunk_ghost_necromancy, wad_mini_maze
D:10:     layout_loops_ring, trog_ov_bears_minmay,
          mainiacjoe_overflow_cross_hatched, nicolae_elyvilon_peaceful_grove,
          lemuel_doored_altar, erik_orc_1, uniq_urug, uniq_harold, uniq_erolcha
D:11:     layout_basic
D:12:     layout_cave_pools, eat_drink_and_be_merry_uskayaw
D:13:     layout_irregular_city, erik_vaults_1, uniq_rupert
Temple:   corrupted_temple
Lair:1:   layout_layer_cave, lemuel_old_faithful, serial_bayou_shore_b
Lair:2:   layout_misc_corridors, elwin_shoals_entry_rooms,
          gammafunk_ghost_wrathful_warriors, serial_bayou, serial_bayou_pond_d,
          serial_bayou_lagoon_b, serial_bayou_shore_b, serial_bayou_pond_d,
          serial_bayou_crossing
Lair:3:   layout_chaotic_city, spider_nest_entry_webs
Lair:4:   layout_regular_city, minmay_slime_entry_oklob_open,
          gauntlet_entry_generic, nzn_sisyphean_effort,
          infiniplex_staircase_pool_2, grunt_megastairs_2

Skill      XL: |  1  2  3  4  5  6  7  8  9 10 11 12 13 |
---------------+----------------------------------------+-----
Axes           | 3 4 5 6 8 10 12 14 16 17 18 | 18.3
Fighting       | 4 5 6 7 8 10 11 13 | 13.5
Armour         | 4 5 6 7 8 10 11 12 14 | 14.0
Shields        | 4 5 6 8 9 |  9.8
Invocations    | 1 4 6 |  6.3

Action                   |  1- 3 |  4- 6 |  7- 9 | 10-12 | 13-15 || total
-------------------------+-------+-------+-------+-------+-------++-------
Melee: War axe           |   104 |   114 |   269 |  1154 |    65 ||  1706
       Hand axe          |       |       |       |       |   290 ||   290
       Halberd           |       |       |       |       |    13 ||    13
       Punch             |       |       |       |       |     7 ||     7
Invok: Convert to Beogh  |       |       |       |     1 |       ||     1
  Use: Scroll            |     8 |     1 |     5 |    12 |     3 ||    29
       Potion            |       |     3 |     2 |       |     5 ||    10
Armor: Scale mail        |    52 |    52 |    50 |       |       ||   154
       Chain mail        |       |       |    95 |   354 |   234 ||   683
Dodge: Dodged            |    59 |    44 |   108 |   197 |   133 ||   541
Block: Buckler           |    19 |    22 |    60 |   171 |    10 ||   282

Table legend: (Time is in decaauts)
 A = Elapsed time spent in this place.
 B = Non-inter-level travel time spent in this place.
 C = Inter-level travel time spent in this place.
 D = Time resting spent in this place.
 E = Time spent auto-exploring this place.
 F = Levels seen in this place.
 G = Mean time per level.
                   A        B        C        D        E       F      G
               +--------+--------+--------+--------+--------+-----+--------+
         Total |  20731 |  19187 |   1544 |   4006 |   8849 |  19 | 1091.1 |
       Dungeon |  14934 |  13718 |   1216 |   2800 |   6235 |  13 | 1148.8 |
        Temple |     77 |     71 |      6 |      0 |      3 |   1 |   77.0 |
          Lair |   5385 |   5064 |    321 |   1194 |   2578 |   4 | 1346.2 |
        Bailey |    334 |    334 |      0 |     12 |     33 |   1 |  334.0 |
               +--------+--------+--------+--------+--------+-----+--------+

Top non-repeatable levels by time:
     D:9: 1974 daAuts
  Lair:1: 1864 daAuts
    D:10: 1854 daAuts
  Lair:3: 1452 daAuts
  Lair:2: 1393 daAuts
     D:4: 1375 daAuts
     D:5: 1281 daAuts
    D:12: 1249 daAuts
    D:11: 1225 daAuts
     D:8: 1116 daAuts
     D:7: 1104 daAuts
     D:1: 1019 daAuts
     D:3: 963 daAuts
     D:6: 873 daAuts
     D:2: 871 daAuts
